 Dungeon Crawl Stone Soup version 0.19-a0-1051-gdb7e7f8 (webtiles) character file.

1618 HAL9000 the Carver (level 8, -1/71 HPs)
             Began as a Minotaur Fighter on Aug 1, 2016.
             Was an Initiate of Ru.
             Hit by a tomahawk thrown by an orc warrior (12 damage)
             ... on level 6 of the Dungeon.
             The game lasted 00:08:25 (4626 turns).

HAL9000 the Carver (Minotaur Fighter)               Turns: 4626, Time: 00:08:26

Health: -1/71      AC: 16    Str: 22    XL:     8   Next: 64%
Magic:  7/7        EV:  5    Int:  5    God:    Ru [......]
Gold:   264        SH: 11    Dex: 15    Spells: 0 memorised, 7 levels left

rFire  . . .     SeeInvis .     u - +1 long sword (venom)
rCold  + . .     Gourm    +     z - +0 plate armour
rNeg   . . .     Faith    .     c - +0 shield
rPois  .         Spirit   .     (helmet restricted)
rElec  .         Dismiss  .     (no cloak)
rCorr  .         Reflect  .     (no gloves)
SustAt .         Harm     .     l - +2 pair of boots
MR     .....                    B - amulet of the gourmand
Stlth  ..........               C - ring of protection from cold
                                j - +4 ring of dexterity

@: not resistant to hostile enchantments, extremely unstealthy
A: retaliatory headbutt, horns 2
a: Sacrifice Skill, Sacrifice Durability, Sacrifice Drink, Reject Sacrifices,
Renounce Religion


You were on level 6 of the Dungeon.
You worshipped Ru.
Ru was noncommittal.
You were very hungry.

You visited 2 branches of the dungeon, and saw 7 of its levels.

You collected 264 gold pieces.

Inventory:

Hand Weapons
 u - a +1 long sword of venom (weapon)
Missiles
 q - 15 javelins (quivered)
Armour
 c - a +0 shield (worn)
 l - a +2 pair of boots (worn)
 z - a +0 plate armour (worn)
Jewellery
 j - a +4 ring of dexterity (left hand)
 B - an amulet of the gourmand (around neck)
 C - a ring of protection from cold (right hand)
Scrolls
 h - 3 scrolls of teleportation {unknown}
 i - 2 scrolls of fog {unknown}
 m - a scroll of fear {unknown}
 p - a scroll of recharging {unknown}
 t - a scroll of identify
 v - a scroll of remove curse {unknown}
 w - a scroll of magic mapping {unknown}
 x - a scroll of immolation {unknown}
 y - 3 scrolls of noise {unknown}
 E - 2 scrolls of blinking {unknown}
Potions
 d - 4 potions of might
 g - a potion of ambrosia
 k - a potion of brilliance
 s - a potion of agility
 A - 2 potions of curing
Comestibles
 f - 6 bread rations
 D - a meat ration


   Skills:
 + Level 6.8 Fighting
 * Level 8.4 Long Blades
 + Level 6.9 Armour
 + Level 7.2 Shields


You had 7 spell levels left.
You didn't know any spells.

Dungeon Overview and Level Annotations

Branches:
Dungeon (6/15)             Temple (1/1) D:4

Altars:
Cheibriados
Elyvilon
Hepliaklqana
Kikubaaqudgha
Makhleb
Nemelex Xobeh
Okawaru
Pakellas
Ru
Uskayaw
Vehumet
Xom
Yredelemnul
Zin
The Shining One


Innate Abilities, Weirdness & Mutations

You reflexively headbutt those who attack you in melee.
You have a pair of horns on your head.


Message History

The orc priest is heavily wounded.
The orc priest closely misses you.
You riposte.
You hit the orc priest but do no damage.
The orc priest looks as sick as possible!
The orc priest is almost dead.
The orc warrior hits you with a hand axe!
* * * LOW HITPOINT WARNING * * *
You hit the orc priest but do no damage.
The orc priest looks as sick as possible!
The orc priest is almost dead.
You kill the orc priest!
The orc warrior hits you with a hand axe!
* * * LOW HITPOINT WARNING * * *
Unknown command.
Okay, then.
You are feeling very hungry.
Things that are here:
a hand axe; a shiny scale mail The orc warrior throws a tomahawk.
The tomahawk hits you!
You die...

#############
#...........#
#.#########'#### #.#<#
#.....# #.#.# #.....#
#.#.# #.@...# #.#.#
#.)...#
######.#.#######.########
.....(........>#o#.......
###.#......### #o#.......
..[.#....#.### #l#.......
....#....#...# #oo.o.....
.........#...#.###ol.....
....#....#...#.#


oo..... You could see an orc warrior, 2 orc priests, an orc and a giant newt.

Vanquished Creatures
  An ice beast (D:6)
  3 sky beasts
  5 ogres
  2 giant frogs (D:6)
  3 scorpions
  A howler monkey (D:5)
  A crimson imp (D:5)
  2 hounds
  2 centaur skeletons (D:4)
  A jelly (D:5)
  An orc priest (D:6)
  An orc wizard (D:4)
  3 worker ants (D:6)
  2 hound skeletons
  A worker ant zombie (D:6)
  6 adders
  3 gnolls (D:4)
  An adder skeleton (D:4)
  2 worms
  2 dart slugs (D:2)
  4 giant geckos
  6 orcs
  2 ball pythons
  8 bats
  2 giant cockroaches
  5 hobgoblins
  5 jackals
  11 kobolds
  6 quokkas
  5 giant newts
  7 goblins
  A quokka zombie (D:6)
  6 rats
111 creatures vanquished.

Notes
Turn   | Place    | Note
-------+----------+-------------------------------------------
     0 | D:1      | HAL9000 the Minotaur Fighter began the quest for the Orb.
     0 | D:1      | Reached XP level 1. HP: 19/19 MP: 0/0
   174 | D:1      | Reached XP level 2. HP: 27/27 MP: 1/1
   422 | D:1      | Reached skill level 3 in Long Blades
   674 | D:2      | Found an oddly glowing altar of Pakellas.
   785 | D:2      | Reached XP level 3. HP: 33/33 MP: 2/2
  1491 | D:3      | Reached XP level 4. HP: 39/40 MP: 3/3
  2049 | D:4      | Reached skill level 4 in Long Blades
  2085 | D:4      | Reached XP level 5. HP: 46/46 MP: 4/4
  2148 | D:4      | Reached skill level 5 in Shields
  2350 | D:4      | Reached XP level 6. HP: 34/53 MP: 5/5
  2459 | D:4      | Found a staircase to the Ecumenical Temple.
  2465 | D:4      | Reached skill level 5 in Long Blades
  2470 | D:4      | Reached skill level 5 in Fighting
  2470 | D:4      | Reached skill level 5 in Armour
  2488 | Temple   | Entered the Ecumenical Temple
  2892 | D:5      | Entered Level 5 of the Dungeon
  2955 | D:5      | Noticed a sky beast
  2960 | D:5      | Killed a sky beast
  2960 | D:5      | Reached XP level 7. HP: 47/61 MP: 6/6
  3161 | D:5      | Found a sacrificial altar of Ru.
  3161 | D:5      | Found a glowing silver altar of Zin.
  3235 | D:5      | Became a worshipper of Ru the Awakened
  3387 | D:5      | Reached skill level 6 in Long Blades
  3526 | D:5      | Found a hide-covered altar of Uskayaw.
  3527 | D:5      | Noticed a hand axe
  3528 | D:5      | Noticed an enchanted dagger
  3925 | D:5      | Reached skill level 7 in Long Blades
  3996 | D:6      | Found a radiant altar of Vehumet.
  4060 | D:6      | Reached XP level 8. HP: 68/70 MP: 7/7
  4101 | D:6      | Found a glowing golden altar of the Shining One.
  4301 | D:6      | Found a sparkling altar of Nemelex Xobeh.
  4303 | D:6      | Reached skill level 8 in Long Blades
  4626 | D:6      | Hit by a tomahawk thrown by an orc warrior

Vault maps used:
D:1:      minmay_arrival_three_doors
D:2:      grunt_pakellas_mercury
D:4:      first_bread
D:5:      dancing_weapons_uskayaw, gammafunk_temple_overflow_elements,
          minmay_crossroads
D:6:      vehumet_crystals, lemuel_round_altar, tso_metal_star
Temple:   grunt_temple_mini_profane

Skill      XL: |  1  2  3  4  5  6  7  8 |
---------------+-------------------------+-----
Long Blades    | 3 4 5 7 8 |  8.4
Armour         | 4 5 6 |  6.9
Fighting       | 4 5 6 |  6.8
Shields        | 4 5 6 7 |  7.2

Action                   |  1- 3 |  4- 6 |  7- 9 || total
-------------------------+-------+-------+-------++-------
Melee: Long sword        |   120 |    96 |    91 ||   307
       Headbutt          |    18 |    16 |    26 ||    60
  Use: Scroll            |       |       |     5 ||     5
  Eat: Chunk             |     2 |     4 |     1 ||     7
       Fruit             |       |       |     3 ||     3
       Beef jerky        |       |       |     1 ||     1
Armor: Scale mail        |    54 |    32 |     3 ||    89
       Plate armour      |       |       |    29 ||    29
Dodge: Dodged            |    35 |    26 |    10 ||    71
Block: Shield            |    57 |    40 |    36 ||   133
